 Dungeon Crawl Stone Soup version 0.20-a0-731-gecde0bf (webtiles) character file.

372 Laphicet the Slasher (level 6, -3/53 HPs)
             Began as a Draconian Berserker on Feb 22, 2017.
             Was a Believer of Trog.
             Slain by a gnoll
             ... wielding a +0 spear
              (8 damage)
             ... on level 3 of the Dungeon.
             The game lasted 00:03:54 (2506 turns).

Laphicet the Slasher (Draconian Berserker)          Turns: 2506, Time: 00:03:56

Health: -3/53      AC:  7    Str: 19    XL:     6   Next: 43%
Magic:  6/6        EV: 13    Int: 10    God:    Trog [**....]
Gold:   152        SH:  0    Dex: 10    Spells: 5/5 levels left

rFire    . . .     SeeInvis .   a - +0 falchion
rCold    . . .     Gourm    .   (armour unavailable)
rNeg     . . .     Faith    .   (no shield)
rPois    .         Spirit   .   (helmet restricted)
rElec    .         Reflect  .   (no cloak)
rCorr    .         Harm     .   (no gloves)
MR       +....                  m - +0 pair of boots
Stlth    ++........             (no amulet)
Regen    0.2/turn               (no ring)
MPRegen  0.1/turn               e - ring of protection from magic

@: exhausted, about to teleport, slowed, very slow
A: unfitting armour, cold-blooded, AC +6
a: Berserk, Trog's Hand, Burn Spellbooks, Renounce Religion


You were on level 3 of the Dungeon.
You worshipped Trog.
Trog was pleased with you.
You were very hungry.

You visited 1 branch of the dungeon, and saw 3 of its levels.

You collected 152 gold pieces.

Inventory:

Hand Weapons
 a - a +0 falchion (weapon)
 s - a +3 dagger of venom
Armour
 m - a +0 pair of boots (worn)
Jewellery
 e - a ring of protection from magic (left hand)
 r - an uncursed ring of resist corrosion {unknown}
Wands
 q - a wand of digging (7/24)
Scrolls
 c - 3 scrolls of identify
 d - 6 scrolls of remove curse
 g - a scroll of teleportation
 i - a scroll of magic mapping {unknown}
 t - a scroll of fear {unknown}
Potions
 f - a potion of heal wounds {unknown}
 h - 2 potions of curing
 l - a potion of agility {unknown}
 n - a potion of lignification {unknown}
 p - a potion of brilliance {unknown}
Comestibles
 b - 2 bread rations
 j - a meat ration
 k - a fruit


   Skills:
 + Level 4.6 Fighting
 * Level 5.2 Long Blades
 + Level 3.4 Dodging
 + Level 3.0 Stealth


You had 5 spell levels left.
You didn't know any spells.

Dungeon Overview and Level Annotations

Branches:
Dungeon (3/15)

Altars:


Innate Abilities, Weirdness & Mutations

Your plain brown scales are hard. (AC +6)
You cannot fit into any form of body armour.
You are cold-blooded and may be slowed by cold attacks.


Message History

* * * LOW HITPOINT WARNING * * *
The gnoll hits you from afar with a halberd!
* * * LOW HITPOINT WARNING * * *
The gnoll splashes around in the water.
Unknown command.
As you read the scroll labeled DOMNALEPTE, it crumbles to dust.
It is a scroll of identify.
d - 6 scrolls of remove curse The gnoll completely misses you.
The gnoll closely misses you. The gnoll hits you but does no damage.
The gnoll misses you. The gnoll barely misses you.
The gnoll completely misses you. The gnoll hits you but does no damage.
As you read the scroll labeled VITOEJ VEUNUBB, it crumbles to dust.
You feel strangely unstable.
It was a scroll of teleportation.
The gnoll closely misses you. The gnoll misses you.
The gnoll hits you but does no damage. The gnoll barely misses you.
The gnoll hits you from afar with a spear.
* * * LOW HITPOINT WARNING * * *
The gnoll hits you from afar with a spear!
You die...

≈≈≈.# ≈≈≈.# ....# ≈≈###'# ....#
≈≈#...#############''''##########
≈≈#...#..............[...........
≈≈#####≈≈≈≈≈≈≈≈≈≈≈≈....≈≈≈≈≈≈≈≈≈≈
≈≈≈≈≈≈≈≈≈≈≈≈≈≈≈≈≈≈≈....≈≈≈≈≈≈≈≈≈≈
≈≈≈≈≈≈≈≈≈≈≈≈≈≈≈≈))g....≈≈≈≈≈≈≈≈≈≈
.P.......(......@ggg.............
..........(...(..)gg.............
.#######.######...g.####......###
.## #.# #.....# #'####.# ..# #.#
#........... #.# ..## #.#
#######...... #.# ...# #.#
#.......#.# .#.## #.# #.......#.#
.#..# #.# #.... #..


You could see 7 gnolls.

Vanquished Creatures
  The ghost of nht the Vandal, a weakling HaHu (D:3)
  A gnoll shaman (D:3)
  An orc priest (D:3)
  2 orc wizards (D:3)
  9 gnolls (D:3)
  6 adders
  2 oozes (D:2)
  3 leopard geckos
  2 orcs (D:3)
  3 bats
  4 giant cockroaches
  6 goblins
  2 hobgoblins (D:2)
  14 jackals (D:3)
  3 kobolds (D:2)
  3 quokkas (D:2)
  7 frilled lizards
  A quokka skeleton (D:3)
  6 rats
76 creatures vanquished.

Notes
Turn   | Place    | Note
-------+----------+-------------------------------------------
     0 | D:1      | Laphicet the Draconian Berserker began the quest for the Orb.
     0 | D:1      | Reached XP level 1. HP: 19/19 MP: 1/1
   817 | D:1      | Reached XP level 2. HP: 26/26 MP: 2/2
   926 | D:2      | Reached XP level 3. HP: 33/33 MP: 3/3
   930 | D:2      | Reached skill level 1 in Stealth
  1363 | D:2      | Reached ** piety under Trog
  1527 | D:2      | Reached skill level 4 in Long Blades
  1527 | D:2      | Reached XP level 4. HP: 38/40 MP: 4/4
  1723 | D:3      | Reached XP level 5. HP: 46/46 MP: 5/5
  2158 | D:3      | Noticed nht's ghost (weakling HaHu)
  2172 | D:3      | Killed nht's ghost
  2270 | D:3      | Reached XP level 6. HP: 53/53 MP: 6/6
  2487 | D:3      | Reached skill level 5 in Long Blades
  2506 | D:3      | Slain by a gnoll

Vault maps used:
D:1:      lightli_arrival_maybe_door_vault
D:2:      grunt_ministairs_5, minmay_lizard_king
D:3:      lemuel_castle_with_subvaults

Skill      XL: |  1  2  3  4  5  6 |
---------------+-------------------+-----
Stealth        | 1 2 3 |  3.0
Dodging        | 3 |  3.4
Long Blades    | 4 5 |  5.2
Fighting       | 4 |  4.6

Action                   |  1- 3 |  4- 6 || total
-------------------------+-------+-------++-------
Melee: Falchion          |    94 |   117 ||   211
       Tailslap          |    14 |    11 ||    25
Invok: Berserk           |     1 |     3 ||     4
       Trog's Hand       |       |     1 ||     1
  Use: Scroll            |       |     2 ||     2
       Potion            |       |     1 ||     1
 Stab: Sleeping          |     1 |       ||     1
  Eat: Chunk             |     3 |     5 ||     8
Armor: Skin              |    28 |    55 ||    83
Dodge: Dodged            |    64 |   131 ||   195
       Rpst.: Falchion   |    20 |    26 ||    46
